[Event "*** Titled Tuesday Blitz"]
[Site "Chess.com"]
[Date "2020.02.04"]
[Round "7"]
[White "saraswathii"]
[Black "mortngabriel"]
[Result "1-0"]
[WhiteElo "2227"]
[BlackElo "2411"]
[TimeControl "180+2"]
[EndTime "14:32:20 PST"]
[Termination "saraswathii won on time"]

1. e4 c5 2. Nf3 Nc6 3. d3 g6 4.
g3 Bg7 5. Bg2 Nf6 6. O-O O-O 7.
c3 d5 8. e5 Ng4 9. d4 cxd4 10.
cxd4 Nh6 11. Nc3 f6 12. exf6 exf6 13. Re1 Nf5 14. Be3 Be6 15. Bf4 Bf7 16. Qb3 Ncxd4 17.
Nxd4 Nxd4 18. Qa4 f5 19. Rad1 Qb6 20. Be3 Be8 21. Bxd5+ Kh8 22. Qxd4 Qxb2 23. Rc1 Rc8 24. Ne2 Rxc1 25. Rxc1 Qxe2 26. Qxa7 b5 27. Bc5 Rf6 28. Bd4 b4 29. Rc8 1-0

[Event "*** Titled Tuesday Blitz"]
[Site "Chess.com"]
[Date "2020.02.04"]
[Round "7"]
[White "TheBigBadChessDad"]
[Black "Walter_White_Poland"]
[Result "1-0"]
[WhiteElo "2316"]
[BlackElo "2232"]
[TimeControl "180+2"]
[EndTime "14:32:20 PST"]
[Termination "TheBigBadChessDad won by resignation"]

1. d4 Nf6 2. Nf3 e6 3. Bf4 c5 4. e3 d5 5. c3 Qb6 6. Qb3 Qxb3 7. axb3 Nc6 8. h3 Ne4 9. Nbd2 f5 10. Ne5 Nxe5 11.
Bxe5 Bd7 12. f3 Nxd2 13. Kxd2 Bc6 14. g4 Kf7 15. gxf5 exf5 16. Bd3 Bd7 17. Rag1 Rg8 18. h4 g6 19. h5 g5 20. e4 dxe4 21. fxe4 f4 22. dxc5 Bxc5 23. Bd4 Bxd4 24. cxd4 h6 25. Bc4+ Be6 26. d5 Rad8 27. Kc3 Bc8 28. Kd4 g4 29. Ke5 f3 30. d6+ Kf8 31. Bxg8 Kxg8 32. Rxg4+ Bxg4 33.
Rg1 Rd7 34. Rxg4+ Rg7 35. Rxg7+ Kxg7 36. d7 f2 37. d8=Q f1=Q 38. Qc7+ Kf8 39. Qc8+ Kg7 40.
Qxb7+ Kh8 41. Qb8+ Kg7 42. Qxa7+ Kg8 43. Qb8+ Kg7 44.
Qc7+ Kg8 45. Qc8+ Kg7 46. Qd7+ Kf8 47. Qf5+ 1-0

[Event "*** Titled Tuesday Blitz"]
[Site "Chess.com"]
[Date "2020.02.04"]
[Round "7"]
[White "Jahonas"]
[Black "Snegokhod"]
[Result "0-1"]
[WhiteElo "2425"]
[BlackElo "2635"]
[TimeControl "180+2"]
[EndTime "14:32:26 PST"]
[Termination "Snegokhod won by resignation"]

1. e4 c5 2. Nf3 d6 3. d4 cxd4 4. Qxd4 a6 5. Nc3 Nc6 6. Qd1 g6 7. Bd3 Bg7 8. O-O Nf6 9. Nd5 O-O 10. c4 Nd7 11. Rb1 e6 12. Nf4 b6 13. Be3 Bb7 14.
a3 Rc8 15. Qe2 Qc7 16. Rbc1 Qb8 17. Rfd1 Rfe8 18. h4 Nc5 19. Bc2 Ne5 20. Nxe5 dxe5 21. Bxc5 Rxc5 22. b4 Rcc8 23. Nh3 Red8 24. Rxd8+ Rxd8 25.
Rd1 Rd4 26. f3 Qc7 27. Bb3 Qe7 28. g3 a5 29. Rxd4 exd4 30. Qd2 axb4 31. Qxb4 Qc7 32.
Kg2 Bf8 33. Qd2 e5 34. a4 Qc5 35. Nf2 Qb4 36. Qxb4 Bxb4 37. Nd3 Bd6 38. Kf2 Kg7 39. Ke2 f5 40. exf5 gxf5 41. Nf2 e4 42. fxe4 fxe4 43.
g4 d3+ 44. Nxd3 exd3+ 45. Kxd3 Bg3 46. h5 Bf3 0-1

[Event "*** Titled Tuesday Blitz"]
[Site "Chess.com"]
[Date "2020.02.04"]
[Round "7"]
[White "czasnaszachy"]
[Black "IMRosen"]
[Result "1-0"]
[WhiteElo "2319"]
[BlackElo "2510"]
[TimeControl "180+2"]
[EndTime "14:32:29 PST"]
[Termination "czasnaszachy won by resignation"]

1. d4 d5 2. c4 e5 3. dxe5 d4 4. Nf3 Nc6 5. a3 f6 6. exf6 Nxf6 7. b4 Bg4 8. Bb2 Bxf3 9. exf3 Qe7+ 10. Be2 O-O-O 11.
O-O Nh5 12. g3 g6 13. f4 Bg7 14. Bf3 Rd6 15. Nd2 d3 16. Re1 Qf7 17. Bd5 Rxd5 18. Bxg7 Nxg7 19. cxd5 Qxd5 20. Qf3 Qd4 21. Rac1 Rd8 22.
b5 Na5 23. Re7 Ne8 24. Qe3 Qb2 25. Rb1 Nc4 26. Rxb2 Nxe3 27. fxe3 Nd6 28. Kf2 h5 29.
e4 a6 30. a4 axb5 31. axb5 Kb8 32. Ke3 Nc8 33. Re5 Nb6 34. Rb3 h4 35. Rxd3 Rh8 36.
g4 h3 37. Rc5 Nc8 38. e5 Re8 39. Kf3 g5 40. f5 b6 41. Rcd5 Kb7 42. e6 Nd6 43. Rxd6 cxd6 44. Rxd6 Ra8 45. e7 Rc8 46. Rd8 Rc3+ 47. Ke2 Rc7 48. e8=Q 1-0

[Event "*** Titled Tuesday Blitz"]
[Site "Chess.com"]
[Date "2020.02.04"]
[Round "7"]
[White "CM_Perligero"]
[Black "Playgood28"]
[Result "0-1"]
[WhiteElo "2091"]
[BlackElo "2280"]
[TimeControl "180+2"]
[EndTime "14:32:30 PST"]
[Termination "Playgood28 won by resignation"]

1. e4 e5 2. Nf3 d6 3. c3 Nf6 4. Qc2 c6 5. d4 Qc7 6. Bc4 Be7 7. h3 O-O 8. Bg5 b5 9. Bb3 a5 10. a3 a4 11. Ba2 Nbd7 12. O-O Nb6 13. Nbd2 Re8 14.
Rac1 Bd7 15. Nh4 d5 16. dxe5 Nxe4 17. Nxe4 dxe4 18. Bf4 Be6 19. Bxe6 fxe6 20. Qxe4 Bxh4 21. Be3 Be7 22. f4 Nc4 23. Bf2 Rf8 24. Rcd1 Rad8 25.
g4 Nd2 26. Rxd2 Rxd2 27. f5 Qd7 28. f6 gxf6 29. Bd4 Qd5 30. Qxd5 cxd5 31. exf6 Bd6 32. Re1 e5 33. Be3 Rxb2 34. g5 0-1

[Event "*** Titled Tuesday Blitz"]
[Site "Chess.com"]
[Date "2020.02.04"]
[Round "7"]
[White "kingofthenil"]
[Black "Heineccius"]
[Result "1-0"]
[WhiteElo "2497"]
[BlackElo "2648"]
[TimeControl "180+2"]
[EndTime "14:32:32 PST"]
[Termination "kingofthenil won by resignation"]

1. d4 Nf6 2. c4 e6 3. Nc3 Bb4 4. a3 Bxc3+ 5. bxc3 Nc6 6. f3 b6 7. e4 Na5 8. Bd3 Ba6 9. Qe2 d6 10. Be3 e5 11. Nh3 h6 12. O-O g5 13. Nf2 Qd7 14.
Ng4 Qe6 15. c5 Bxd3 16. Qxd3 Nxg4 17. fxg4 dxc5 18. dxc5 O-O 19. Rf5 Rad8 20. Qe2 f6 21. Raf1 Kg7 22. h4 Qe7 23. cxb6 axb6 24. Bc1 Nb7 25.
a4 Nd6 26. Ba3 c5 27. R5f3 Qe6 28. Rd3 Nc4 29. Rxd8 Rxd8 30. Bc1 Nd6 31. Rd1 Rd7 32. Qd3 Qxg4 33. hxg5 hxg5 34. Qd5 Rd8 35. Rf1 Nf7 36. Qe6 Rd6 37. Qxg4 1-0

[Event "*** Titled Tuesday Blitz"]
[Site "Chess.com"]
[Date "2020.02.04"]
[Round "7"]
[White "Chigorinetz"]
[Black "bsnsun"]
[Result "1-0"]
[WhiteElo "2571"]
[BlackElo "2411"]
[TimeControl "180+2"]
[EndTime "14:32:33 PST"]
[Termination "Chigorinetz won by resignation"]

1. e4 c5 2. Nc3 d6 3. Nf3 Nf6 4. e5 dxe5 5. Nxe5 g6 6. Bc4 e6 7. d3 Bg7 8. Be3 Qc7 9. Ng4 Nxg4 10. Qxg4 O-O 11. Qg3 Qxg3 12. hxg3 b6 13. a4 Nc6 14.
Kd2 Bb7 15. Ne4 Ne5 16. Nd6 Nxc4+ 17. Nxc4 Bd5 18. f3 Bxc4 19. dxc4 Bxb2 20. Rab1 Rfd8+ 21. Ke2 Bd4 22. Bg5 f6 23. Bd2 Rd7 24. a5 Rad8 25. axb6 axb6 26. Rxb6 Bf2 27. Bf4 e5 28. Kxf2 exf4 29. gxf4 Rd2+ 30. Kg3 Rxc2 31. f5 g5 32. Rxf6 Rdd2 33. Rh2 Rxc4 34. Rh5 Kg7 35. Rc6 Rcc2 36. Rxg5+ Kf8 37. Kh3 c4 38. f6 Rc1 39. Rg7 Rd8 40.
Kg3 c3 41. Rxh7 Kg8 42. Rg7+ Kf8 43. Rcc7 c2 44. Rh7 Rh1 45. Rxh1 1-0

[Event "*** Titled Tuesday Blitz"]
[Site "Chess.com"]
[Date "2020.02.04"]
[Round "7"]
[White "almaguerjm"]
[Black "DiamondCrusher22"]
[Result "1/2-1/2"]
[WhiteElo "2406"]
[BlackElo "2031"]
[TimeControl "180+2"]
[EndTime "14:32:33 PST"]
[Termination "Game drawn by agreement"]

1. d4 d5 2. Nf3 Nf6 3. g3 Bg4 4. Bg2 e6 5. O-O c6 6. Ne5 Bf5 7. b3 Nbd7 8. Bf4 Be7 9. Nd2 O-O 10. Kh1 Nxe5 11. Bxe5 Nd7 12. e4 dxe4 13. Nxe4 Nxe5 14.
dxe5 Qxd1 15. Raxd1 Bxe4 16. Bxe4 Rfd8 17. f4 g6 18. Kg2 Kf8 19. Kf3 Bb4 20. Ke2 Ke7 21. a4 Rxd1 22. Rxd1 Rd8 23. Bd3 f6 24. exf6+ Kxf6 25.
Bc4 Rxd1 26. Kxd1 e5 27. fxe5+ Kxe5 28. Bg8 h6 29. Ke2 g5 30. Kd3 Bc5 31. Bh7 Bg1 32. h3 Bh2 33. g4 Kf4 34. Bf5 Kg3 35. Bc8 b6 36. Ke4 Kxh3 37. Kf3 Bd6 38. Bb7 c5 39. Bc8 Kh4 40. Bd7 h5 41. Be6 hxg4+ 42. Bxg4 Be5 43. Be6 Kh5 44. Bf5 Kh6 45. Kg4 Bf4 46. Bd3 Kg7 47. Kf5 Kf7 48. Bc4+ Ke7 49. Bd5 Kd6 50. Bc4 Bd2 51.
Bg8 Kc6 52. Bc4 Kb7 53. Bd3 Kc6 54. Bc4 Kd6 55. Bf7 1/2-1/2

[Event "*** Titled Tuesday Blitz"]
[Site "Chess.com"]
[Date "2020.02.04"]
[Round "7"]
[White "vova-79"]
[Black "Storne89"]
[Result "0-1"]
[WhiteElo "2468"]
[BlackElo "2644"]
[TimeControl "180+2"]
[EndTime "14:32:35 PST"]
[Termination "Storne89 won on time"]

1. d4 Nf6 2. c4 e6 3. Nc3 Bb4 4. e3 O-O 5. Ne2 Re8 6. a3 Bf8 7. Ng3 d6 8. Bd3 g6 9. O-O h5 10. h3 c5 11. dxc5 dxc5 12. Nce4 Nfd7 13. Bc2 Ne5 14. Qe2 h4 15. Rd1 Qe7 16. Nf1 Bg7 17. Ba4 Bd7 18. Bxd7 Nbxd7 19. Bd2 f5 20. Nc3 a6 21. e4 Nc6 22. exf5 gxf5 23. Qh5 Bf6 24. Bf4 Nd4 25. Re1 Qg7 26. Rad1 Nf8 27. Kh1 Ng6 28. Bg5 Rad8 29. Ne3 Nf8 30. Bxf6 Qxf6 31. Ne2 Rd7 32. Nxd4 cxd4 33. Nf1 Rg7 34. f4 Rd8 35.
Rd3 Ng6 36. Qf3 e5 37. Qd1 e4 38. Rd2 Nxf4 39. Rf2 Nd3 0-1

[Event "*** Titled Tuesday Blitz"]
[Site "Chess.com"]
[Date "2020.02.04"]
[Round "7"]
[White "stoleriu"]
[Black "hansen"]
[Result "0-1"]
[WhiteElo "2503"]
[BlackElo "2866"]
[TimeControl "180+2"]
[EndTime "14:32:35 PST"]
[Termination "hansen won by resignation"]

1. e4 e5 2. Nf3 Nc6 3. Bb5 a6 4. Ba4 Nf6 5. d3 d6 6. c3 Bd7 7.
O-O g6 8. Re1 Bg7 9. Bg5 h6 10.
Bxf6 Bxf6 11. Nbd2 Bg7 12. Nf1 O-O 13. Ne3 Kh7 14.
Nd5 b5 15. Bc2 Ne7 16. d4 Nxd5 17. exd5 Re8 18. Qd2 f5 19. dxe5 dxe5 20. Rad1 Qf6 21. Qe3 Qd6 22. Nh4 e4 23. g3 b4 24. c4 Bxb2 25.
c5 Qf6 26. c6 Bc8 27. f3 Bc3 28. Re2 a5 29. fxe4 Ba6 30. Rf2 Re7 31. Kh1 Rae8 32. Qf3 Kg7 33. exf5 Be2 34. Rxe2 Rxe2 35. Nxg6 Rxc2 36. Qg4 Qg5 37. Qxg5 hxg5 38. d6 cxd6 0-1

[Event "*** Titled Tuesday Blitz"]
[Site "Chess.com"]
[Date "2020.02.04"]
[Round "7"]
[White "guillembaches"]
[Black "SerGo055"]
[Result "0-1"]
[WhiteElo "2389"]
[BlackElo "2553"]
[TimeControl "180+2"]
[EndTime "14:32:35 PST"]
[Termination "SerGo055 won by resignation"]

1. e4 d5 2. exd5 Qxd5 3. Nc3 Qd8 4. g3 Nf6 5. Bg2 g6 6. Nge2 Bg7 7. d3 O-O 8. Bd2 Nc6 9. Qc1 Re8 10. Bh6 Bh8 11.
O-O Nd4 12. Nxd4 Qxd4 13. Qe3 Qxe3 14. Bxe3 c6 15. Rfe1 Be6 16. a4 Nd5 17. Nxd5 Bxd5 18. Bxd5 cxd5 19. Ra3 d4 20. Bd2 Rac8 21. c4 dxc3 22.
bxc3 Red8 23. d4 e5 24. Be3 exd4 25. cxd4 Bxd4 26. Bxd4 Rxd4 27. Re7 Rb4 28. a5 a6 29. Rd3 Rb5 30. Rdd7 Rxa5 31. Rxf7 Rh5 32. Rxb7 Ra8 33.
Rg7+ Kh8 34. Ra7 Rxa7 35. Rxa7 a5 36. Kg2 Rb5 37. h4 Kg8 38. f4 h5 39. Kf3 Rb3+ 40. Kf2 Ra3 41. Kg2 a4 42. Kf2 Ra1 43. Kg2 a3 44.
Kf2 a2 45. Kg2 Kf8 46. Kf2 Rh1 0-1

[Event "*** Titled Tuesday Blitz"]
[Site "Chess.com"]
[Date "2020.02.04"]
[Round "7"]
[White "FredddieCroderg"]
[Black "Al_Shima"]
[Result "0-1"]
[WhiteElo "2084"]
[BlackElo "2425"]
[TimeControl "180+2"]
[EndTime "14:32:35 PST"]
[Termination "Al_Shima won by resignation"]

1. d4 b5 2. a4 b4 3. e4 Bb7 4. Bd3 Nf6 5. Nd2 e6 6. Qe2 c5 7.
Ngf3 Be7 8. O-O cxd4 9. Nxd4 Nc6 10. N4f3 Qc7 11. h3 h6 12. Nc4 O-O 13. e5 Nd5 14. Nh2 d6 15. exd6 Bxd6 16. Ng4 Nce7 17. Nxh6+ gxh6 18. Qg4+ Kh8 19. Nxd6 Qxd6 20. Bxh6 Qe5 21. Rae1 Qxb2 22.
Qh4 Kg8 23. Re4 f5 24. Rxe6 Rf6 25. Re2 Kf7 26. Bg5 Rg8 27. Bxf6 Qxf6 28. Qh5+ Kf8 29. Rxe7 Rxg2+ 30. Kh1 Nxe7 31. f3 Rg5 32. Qh7 Rg7 33. Qh5 Rg6 34. Kh2 Qe5+ 35. Kh1 Qf6 36. Qh7 Rh6 0-1

[Event "*** Titled Tuesday Blitz"]
[Site "Chess.com"]
[Date "2020.02.04"]
[Round "7"]
[White "SARGISMV"]
[Black "Poghosyan_Suren"]
[Result "1/2-1/2"]
[WhiteElo "2423"]
[BlackElo "2666"]
[TimeControl "180+2"]
[EndTime "14:32:38 PST"]
[Termination "Game drawn by agreement"]

1. Nf3 Nf6 2. c4 c5 3. Nc3 g6 4. e4 Bg7 5. d4 cxd4 6. Nxd4 O-O 7. Be3 Nc6 8. Be2 d6 9. f3 Nxd4 10. Bxd4 Be6 11. O-O Rc8 12. b3 h5 13. Rc1 h4 14.
Qd2 h3 15. g3 Qa5 16. Rfd1 Kh7 17. Nd5 Qxd2 18. Rxd2 Bxd5 19. exd5 Bh6 20. f4 Nxd5 21. Bxa7 Nf6 22. Be3 d5 23. Rcd1 dxc4 24. Bxc4 e5 25. Rf1 Ng4 26. Bb6 exf4 27. gxf4 Rc6 28. Bd8 Ne3 29. Rf3 Nxc4 30. bxc4 Rxc4 31. Bg5 Bxg5 32. fxg5 Rg4+ 33. Rg3 Rxg3+ 34. hxg3 Ra8 35. Kh2 Ra5 36. Kxh3 Kg7 37. Rb2 Rxg5 38. Rxb7 Ra5 39. Rb2 Ra3 40. Kg4 1/2-1/2

[Event "*** Titled Tuesday Blitz"]
[Site "Chess.com"]
[Date "2020.02.04"]
[Round "7"]
[White "novocane"]
[Black "kallerotmg"]
[Result "1-0"]
[WhiteElo "2137"]
[BlackElo "2079"]
[TimeControl "180+2"]
[EndTime "14:32:39 PST"]
[Termination "novocane won by resignation"]

1. d4 Nf6 2. c4 e6 3. Nc3 Bb4 4. e3 b6 5. Ne2 Bb7 6. a3 Be7 7.
d5 O-O 8. Ng3 d6 9. Be2 exd5 10.
cxd5 Re8 11. O-O Nbd7 12. e4 Bf8 13. f3 g6 14. Nh1 Bg7 15. Nf2 a5 16. Be3 Nc5 17. b4 axb4 18. axb4 Rxa1 19. Qxa1 Nfxe4 20. fxe4 Nxe4 21. Nfxe4 Rxe4 22. Qc1 Rxb4 23. Bh6 Qe7 24.
Bxg7 Kxg7 25. Bf3 Ba6 26. Re1 Qf6 27. Ne4 Qd4+ 28. Kh1 Rc4 29. Qa1 Bb7 30. Qxd4+ Rxd4 31. Nc3 Rd3 32. Rc1 g5 33. h3 Bc8 34. Ne4 h6 35.
Rxc7 Bf5 36. Nxd6 Rd1+ 37. Bxd1 1-0

[Event "*** Titled Tuesday Blitz"]
[Site "Chess.com"]
[Date "2020.02.04"]
[Round "7"]
[White "Irishchessman16"]
[Black "FrogMist"]
[Result "0-1"]
[WhiteElo "2254"]
[BlackElo "2399"]
[TimeControl "180+2"]
[EndTime "14:32:42 PST"]
[Termination "FrogMist won on time"]

1. e4 e5 2. Nf3 d6 3. d4 exd4 4. Nxd4 Nf6 5. Nc3 Be7 6. g3 O-O 7. Bg2 Re8 8. O-O Bf8 9. h3 Nc6 10. Nde2 Bd7 11. g4 g6 12. Ng3 Bg7 13. f4 Qb8 14. g5 Nh5 15. Nxh5 gxh5 16. Qxh5 Nd4 17.
Nd5 Qd8 18. Bd2 c6 19. Nf6+ Bxf6 20. gxf6 Qxf6 21. f5 d5 22. Bg5 Ne2+ 23. Kf2 Qd4+ 24. Be3 Qxb2 25. Qxe2 dxe4 26. Rg1 Bxf5 27. Bxe4+ Bg6 28.
Bxg6 hxg6 29. Rab1 Qxa2 30. Rxb7 Re5 31. Qd3 Qe6 32.
Bd4 Rf5+ 33. Kg2 Qd5+ 34. Kh2 Re8 35. Bxa7 Qe5+ 36. Rg3 c5 37. Rb1 Rf2+ 38. Kg1 Rf5 0-1

[Event "*** Titled Tuesday Blitz"]
[Site "Chess.com"]
[Date "2020.02.04"]
[Round "7"]
[White "EugeneRougon"]
[Black "Region_07"]
[Result "1-0"]
[WhiteElo "2718"]
[BlackElo "2493"]
[TimeControl "180+2"]
[EndTime "14:32:47 PST"]
[Termination "EugeneRougon won on time"]

1. e4 Nc6 2. Nf3 d6 3. Bb5 Nf6 4. Nc3 a6 5. Bxc6+ bxc6 6. h3 g6 7. O-O Bg7 8. d4 O-O 9. Be3 Rb8 10. Rb1 Nd7 11. Qd2 e5 12. Bh6 Qe7 13. Bxg7 Kxg7 14.
dxe5 Nxe5 15. Nxe5 dxe5 16. Qe3 Rd8 17. b3 Be6 18. Na4 Qd6 19. Qc3 Rb5 20. Rbe1 c5 21. Rd1 Qxd1 22. Rxd1 Rxd1+ 23. Kh2 c4 24. b4 f6 25. Nc5 Bf7 26. Nxa6 Rb6 27. Nc5 Rbd6 28. a4 R6d2 29. Kg3 Re2 30. a5 Rdd2 31. Qf3 Rxc2 32. a6 Ra2 33. Nd7 f5 34. exf5 e4 35. f6+ Kg8 36. Qf4 Rxa6 37. Qh6 1-0

[Event "*** Titled Tuesday Blitz"]
[Site "Chess.com"]
[Date "2020.02.04"]
[Round "7"]
[White "MatthewG-p4p"]
[Black "OparinGrigoriy"]
[Result "1-0"]
[WhiteElo "2839"]
[BlackElo "3022"]
[TimeControl "180+2"]
[EndTime "14:32:52 PST"]
[Termination "MatthewG-p4p won by resignation"]

1. f4 c5 2. Nf3 Nf6 3. g3 e6 4.
Bg2 d5 5. O-O Nc6 6. d3 Be7 7. Nc3 O-O 8. e4 b6 9. Ne5 Bb7 10. Ng4 Nxg4 11. Qxg4 dxe4 12. dxe4 Nd4 13. Rf2 b5 14. Be3 b4 15. Nd1 f5 16. Qh3 fxe4 17. Bxd4 Qxd4 18. Qxe6+ Rf7 19. c3 Qd3 20.
Bf1 Qd5 21. Bc4 Qxe6 22. Bxe6 Kf8 23. Bxf7 Kxf7 24. Ne3 Bf6 25. Rd1 Ke8 26. Nf5 Kf8 27.
cxb4 cxb4 28. Rc2 Ba6 29. Rdc1 Rd8 30. Kf2 g6 31. Rc6 Bxb2 32. R1c2 Bc3 33. Rxa6 gxf5 34. Ra5 Rd1 35. Rxf5+ Ke7 36. Rh5 a5 37. Re2 Bd4+ 38.
Kg2 e3 39. Rxa5 Kd6 40. Rh5 h6 41. Kf3 Bc5 42. Rxh6+ Kd5 43. Rh5+ Kc4 44. Rc2+ Kd3 45. Rhxc5 1-0

[Event "*** Titled Tuesday Blitz"]
[Site "Chess.com"]
[Date "2020.02.04"]
[Round "7"]
[White "Zq1"]
[Black "XiaoKangZhong"]
[Result "1-0"]
[WhiteElo "2538"]
[BlackElo "2354"]
[TimeControl "180+2"]
[EndTime "14:32:53 PST"]
[Termination "Zq1 won by checkmate"]

1. d4 Nf6 2. c4 g6 3. Nc3 d5 4.
cxd5 Nxd5 5. Bd2 Bg7 6. Nf3 O-O 7.
Rc1 Nb6 8. Bg5 h6 9. Bf4 c6 10. e3 Bg4 11. Be2 Nd5 12. Bg3 Qa5 13. O-O Nxc3 14.
bxc3 Qxa2 15. Rb1 b6 16. h3 Bf5 17. Ra1 Qb2 18. c4 c5 19. Ne5 Nd7 20. Nc6 Rfe8 21. Bf3 cxd4 22. Nxe7+ Rxe7 23. Bxa8 dxe3 24. fxe3 Qxa1 25.
Qxa1 Bxa1 26. Rxa1 Rxe3 27. Bf4 Rc3 28. Bxh6 a5 29.
Bd5 Ne5 30. Re1 Nxc4 31. Re7 Be6 32. Bxe6 fxe6 33. Rg7+ Kh8 34. Rc7 e5 35. Bg7+ Kg8 36.
Bxe5 Rc1+ 37. Kh2 a4 38. Bd4 b5 39. Rg7+ Kf8 40. Rxg6 a3 41. Ra6 b4 42. Bc5+ Kf7 43.
Bxb4 Ra1 44. Rc6 Ne5 45. Rc7+ Ke6 46. Ra7 Nc4 47. h4 Kf5 48. h5 Kg5 49. Rc7 Nb2 50.
Rc5+ Kh6 51. Bd2+ Kh7 52. Rc7+ Kh8 53. Bc3+ Kg8 54. h6 a2 55. h7+ Kf8 56. h8=R# 1-0

[Event "*** Titled Tuesday Blitz"]
[Site "Chess.com"]
[Date "2020.02.04"]
[Round "7"]
[White "PowerThinking2650"]
[Black "AleksanderHnydiuk"]
[Result "0-1"]
[WhiteElo "2399"]
[BlackElo "2555"]
[TimeControl "180+2"]
[EndTime "14:32:54 PST"]
[Termination "AleksanderHnydiuk won by resignation"]

1. e4 c5 2. Nf3 e6 3. d4 cxd4 4.
Nxd4 Nc6 5. Nb5 d6 6. c4 Nf6 7. N1c3 a6 8. Na3 Be7 9. Be2 O-O 10. O-O b6 11. Be3 Bb7 12. f3 Ne5 13. Qd2 Qc7 14. Rfd1 Rac8 15. Rac1 Rfe8 16. Bf1 Bf8 17. Qf2 Ned7 18.
Nc2 Ba8 19. Nd4 Qb8 20. b4 Rc7 21. Nb3 Rec8 22. a4 h6 23. Rb1 Ne5 24. Bxb6 Rb7 25. c5 Rxb6 26. cxb6 Rxc3 27. Bxa6 Neg4 28. fxg4 Nxe4 29.
Qd4 e5 30. Qxc3 Nxc3 31. a5 Nxb1 32. Rc1 Bb7 33. Bxb7 Qxb7 34. Rxb1 Qe4 35. Ra1 Qxb4 36. a6 Qxb6+ 37. Kh1 Qa7 38. Nd2 d5 39. Nf3 Bd6 40. Nh4 g6 41. Nf3 e4 42. Nd4 Qxd4 0-1

[Event "*** Titled Tuesday Blitz"]
[Site "Chess.com"]
[Date "2020.02.04"]
[Round "7"]
[White "joshdaruca"]
[Black "platy3"]
[Result "1-0"]
[WhiteElo "2725"]
[BlackElo "2867"]
[TimeControl "180+2"]
[EndTime "14:32:55 PST"]
[Termination "joshdaruca won by resignation"]

1. e4 e5 2. Nf3 Nc6 3. Bb5 a6 4. Ba4 Nf6 5. O-O b5 6. Bb3 Bb7 7. Qe2 Be7 8. c3 O-O 9. Rd1 d5 10. d4 exd4 11. e5 Ne4 12. cxd4 Qd7 13. Nc3 Nxc3 14.
bxc3 Nd8 15. Bc2 Ne6 16. Qd3 g6 17. h4 c5 18. h5 cxd4 19. cxd4 Rac8 20. Bh6 Rfe8 21.
Bd2 Rc4 22. Bb3 Rec8 23. a3 Ng7 24. hxg6 hxg6 25. Ba5 Qg4 26. Nh2 Qh5 27. Qf3 Qxf3 28. Nxf3 Ne6 29. Bxc4 Rxc4 30. Bd2 Nxd4 31. Nxd4 Rxd4 32.
Bb4 Bxb4 33. Rxd4 Bc3 34. Rad1 Bxd4 35. Rxd4 Kf8 36. f4 Ke7 37. Kf2 Kd7 38. Ke3 Kc6 39. Rd2 a5 40. Rc2+ Kb6 41. Kd4 b4 42. axb4 axb4 43.
g4 Bc6 44. f5 gxf5 45. gxf5 Kb5 46. f6 b3 47. Rc3 1-0

[Event "*** Titled Tuesday Blitz"]
[Site "Chess.com"]
[Date "2020.02.04"]
[Round "7"]
[White "Aygehovit1992"]
[Black "Anton_Demchenko"]
[Result "0-1"]
[WhiteElo "2658"]
[BlackElo "2959"]
[TimeControl "180+2"]
[EndTime "14:32:58 PST"]
[Termination "Anton_Demchenko won on time"]

1. e4 e5 2. Nf3 Nc6 3. Bb5 g6 4. Nc3 Bg7 5. d3 d6 6. Bg5 f6 7. Be3 Nh6 8. h3 Bd7 9. Qd2 Nf7 10. g4 a6 11. Ba4 O-O 12. O-O-O Be6 13. Rdg1 b5 14.
Bb3 Bxb3 15. cxb3 Ne7 16. h4 d5 17. Bc5 dxe4 18. Nxe4 Nd6 19. Bxd6 cxd6 20. h5 d5 21. Ng3 Qc8+ 22. Kb1 Qxg4 23. Qe2 Qe6 24. hxg6 hxg6 25. Nh4 Rf7 26. f4 f5 27. Nf3 e4 28. Ng5 Qf6 29.
dxe4 dxe4 30. Qh2 Rd8 31. Rc1 Nd5 32. Rhd1 Rfd7 33. Rd2 e3 34. Qh7+ Kf8 35. Rdc2 Nxf4 36. Nxf5 Qxf5 0-1

[Event "*** Titled Tuesday Blitz"]
[Site "Chess.com"]
[Date "2020.02.04"]
[Round "7"]
[White "ChadBiryani"]
[Black "arminmusovic"]
[Result "0-1"]
[WhiteElo "2320"]
[BlackElo "2527"]
[TimeControl "180+2"]
[EndTime "14:33:01 PST"]
[Termination "arminmusovic won by resignation"]

1. e4 c6 2. d4 d5 3. Nc3 dxe4 4. Nxe4 Nf6 5. Ng3 e5 6. Nf3 exd4 7. Qxd4 Qxd4 8.
Nxd4 Bc5 9. Be3 Ng4 10. O-O-O Nxe3 11. fxe3 O-O 12. Bd3 Nd7 13. Nb3 Bxe3+ 14. Kb1 Ne5 15.
Be4 Bb6 16. Nf5 Ng4 17. Ne7+ Kh8 18. Nxc8 Raxc8 19. Bf5 Nf2 20. Bxc8 Rxc8 21. Rhf1 Nxd1 22.
Rxd1 Rd8 23. Re1 h5 24. c4 Rd7 25. Kc2 g6 26. Re8+ Kg7 27. Ra8 a6 28. Re8 g5 29.
Nd2 Bc7 30. Ne4 Bxh2 31. Nxg5 Bf4 32. Nf3 b5 33. Kc3 Rd1 34. Re4 Rc1+ 35. Kb4 Bd6+ 36. Ka5 Ra1 37. Kxa6 Rxa2+ 38. Kb6 bxc4 39. Kxc6 Bg3 40.
Rxc4 Rxb2 41. Nh4 Bxh4 42. Rxh4 Kg6 43. g4 hxg4 44. Rxg4+ Kf5 45. Rd4 Ke5 46. Rd5+ Ke4 47. Kd6 Rb6+ 48. Kc5 Rb5+ 0-1

[Event "*** Titled Tuesday Blitz"]
[Site "Chess.com"]
[Date "2020.02.04"]
[Round "7"]
[White "Hasangatin_Ramil"]
[Black "semchik73"]
[Result "1-0"]
[WhiteElo "2535"]
[BlackElo "2306"]
[TimeControl "180+2"]
[EndTime "14:33:03 PST"]
[Termination "Hasangatin_Ramil won by checkmate"]

1. e4 Nf6 2. e5 Nd5 3. d4 d6 4.
Nf3 Bg4 5. Be2 c6 6. Ng5 Bf5 7. exd6 exd6 8. Bd3 Bxd3 9. Qxd3 Be7 10. h4 h6 11. Nf3 Nd7 12. c4 N5b6 13. Nc3 Nf6 14. O-O O-O 15. Bf4 Re8 16. Rfe1 Bf8 17. b3 Qd7 18. d5 cxd5 19. cxd5 Qg4 20. Be3 Nbd7 21. Nb5 Ne5 22. Nxe5 Rxe5 23. Bd4 Rxd5 24. Rad1 Rc8 25. Nxa7 Ra8 26. Nb5 Rxa2 27. Nc3 Rxd4 28. Qxd4 Qxd4 29. Rxd4 Rb2 30. Rb4 d5 31. Rxb7 d4 32. Ne4 Nd5 33.
Rb8 d3 34. Rd1 Nf4 35. g3 Ne2+ 36. Kg2 f5 37. Nc5 d2 38. Ne6 Nc3 39. Rxf8+ Kh7 40.
Rxd2 Rxd2 41. h5 Ne4 42. Rb8 Rxf2+ 43. Kg1 Rf3 44. Nf8+ Kg8 45. Ng6+ Kf7 46. Ne5+ Ke6 47. Nxf3 Nxg3 48. b4 Nxh5 49. b5 Nf6 50. Rc8 Nd7 51. b6 Nxb6 52. Rc6+ Kf7 53. Rxb6 g5 54. Kg2 Kg7 55. Ne5 f4 56. Kf3 h5 57. Rg6+ Kh7 58. Rxg5 Kh6 59. Rg6+ Kh7 60. Kxf4 h4 61. Kg5 h3 62.
Nd7 h2 63. Nf6+ Kh8 64. Rg8# 1-0

[Event "*** Titled Tuesday Blitz"]
[Site "Chess.com"]
[Date "2020.02.04"]
[Round "7"]
[White "Shukh_Nikolay"]
[Black "Abund"]
[Result "1-0"]
[WhiteElo "2551"]
[BlackElo "2716"]
[TimeControl "180+2"]
[EndTime "14:33:08 PST"]
[Termination "Shukh_Nikolay won by checkmate"]

1. e4 c5 2. Nf3 Nc6 3. Bb5 g6 4. O-O Bg7 5. Re1 Nf6 6. Bxc6 dxc6 7. e5 Nd5 8. d3 h6 9. a4 a5 10. Nbd2 Be6 11. Ne4 b6 12. h3 Qc7 13. Qe2 g5 14.
Ng3 O-O-O 15. Nh5 Rhg8 16. Nxg7 Rxg7 17. Nh2 Nf4 18. Bxf4 gxf4 19. Kh1 Rdg8 20. Rg1 Bd5 21. f3 Rg5 22. Rae1 h5 23. b3 Qd7 24. Qf2 Qf5 25.
Nf1 Kc7 26. Nd2 Qe6 27. c4 Rxg2 28. Rxg2 Qxh3+ 29. Kg1 Rxg2+ 30. Qxg2 Qh4 31. Qf2 Qg5+ 32. Kh2 Be6 33. Ne4 Qxe5 34. Qh4 Qb2+ 35. Kg1 Qd4+ 36. Kh1 Kd7 37. Qxh5 Qxd3 38. Rg1 Qxb3 39. Ng5 Bxc4 40. Qg4+ e6 41. Qxf4 f5 42. Nf7 Bd5 43. Qd6+ Ke8 44. Rg8+ Kxf7 45. Qf8# 1-0

[Event "*** Titled Tuesday Blitz"]
[Site "Chess.com"]
[Date "2020.02.04"]
[Round "7"]
[White "jefferyx"]
[Black "Grandelicious"]
[Result "1-0"]
[WhiteElo "2933"]
[BlackElo "2703"]
[TimeControl "180+2"]
[EndTime "14:33:21 PST"]
[Termination "jefferyx won by resignation"]

1. d4 Nf6 2. c4 e6 3. Nc3 Bb4 4. Nf3 c5 5. g3 Nc6 6. Bg2 Ne4 7. Bd2 Nxd2 8. Qxd2 cxd4 9. Nxd4 Ne5 10. b3 O-O 11.
O-O a6 12. Nc2 Be7 13. Rfd1 Rb8 14. Qe3 Qc7 15. Rac1 Ng4 16. Qd4 Nf6 17. b4 b6 18.
e4 d6 19. a3 Bb7 20. Ne3 Rfd8 21. Qd2 Rbc8 22. f4 Qb8 23. f5 Re8 24. fxe6 fxe6 25. Qe1 Qa8 26. Bh3 Bf8 27. Ng2 Nxe4 28. Nxe4 Bxe4 29. Nf4 Bf5 30. Bxf5 exf5 31. Qf2 b5 32. Nd5 Rxc4 33. Rxc4 bxc4 34. Nc7 Qe4 35. Nxe8 Qxe8 36. Qxf5 Qe3+ 37. Kh1 c3 38. Rf1 Qe8 39.
Qd5+ Kh8 40. Qf3 Be7 41. Qxc3 h6 42. Rc1 Qh5 43. Qd3 Kg8 44. Qe4 Qf7 45. Re1 Bf6 46. Qe8+ Qxe8 47. Rxe8+ Kf7 48. Ra8 1-0